 Dungeon Crawl Stone Soup version 0.27-a0-1193-g8631133539 (webtiles) character file.

Game seed: 272485191381342219

74 Delamore the Cudgeller (level 4, -1/29 HPs)
             Began as a Gargoyle Monk on May 26, 2021.
             Slain by a frilled lizard (3 damage)
             ... on level 3 of the Dungeon.
             The game lasted 00:02:46 (3111 turns).

Delamore the Cudgeller (Gargoyle Monk)              Turns: 3111, Time: 00:02:46

Health: -1/29      AC:  9    Str: 16    XL:     4   Next: 30%
Magic:  4/4        EV: 10    Int: 10    God:
Gold:   142        SH:  0    Dex: 12    Spells: 3/3 levels left

rFire    . . .     SeeInvis .   a - +0 mace
rCold    . . .     Faith    .   (no shield)
rNeg     + . .     Spirit   .   l - +0 scale mail
rPois    ∞         Reflect  .   (no helmet)
rElec    +         Harm     .   (no cloak)
rCorr    .         Rampage  .   (no gloves)
Will     .....                  (no boots)
Stlth    +.........             (no amulet)
HPRegen  0.09/turn              (no ring)
MPRegen  0.09/turn              (no ring)

@: no status effects
A: sickness immunity, AC +3, negative energy resistance 1, electricity
resistance, torment resistance 1, petrification resistance
a: no special abilities


You were on level 3 of the Dungeon.
You visited 1 branch of the dungeon, and saw 3 of its levels.

You collected 142 gold pieces.

Inventory:

Hand Weapons
 a - a +0 mace (weapon)
Missiles
 j - 17 poisoned darts (quivered)
Armour
 b - a +0 robe
 c - a +0 leather armour
 l - a +0 scale mail (worn)
Jewellery
 k - the ring of Etaempuu {Ice *Corrode Drain Str+2 Int+8}
   (You found it on level 2 of the Dungeon)

   [ring of ice]

   It enhances your ice magic.
   It affects your strength (+2).
   It affects your intelligence (+8).
   It makes you vulnerable to fire.
   It protects you from cold.
   It may corrode you when you take damage.
   It drains your maximum health when unequipped.
Scrolls
 d - a scroll of identify {unknown}
 e - 2 scrolls of teleportation {unknown}
 m - a scroll of holy word {unknown}
 o - a scroll of immolation {unknown}
Potions
 f - a potion of brilliance {unknown}
 g - a potion of degeneration {unknown}
 h - a potion of curing {unknown}
 i - a potion of flight {unknown}
 n - a potion of mutation {unknown}


   Skills:
 + Level 4.1 Fighting
 * Level 4.4 Maces & Flails
 - Level 2.4 Dodging
 - Level 2.1 Stealth


You had 3 spell levels left.
You didn't know any spells.
Your spell library contained the following spells:

 Spells                   Type           Power      Damage    Failure   Level
 Magic Dart               Conj           0%         1d3       82%         1
 Blink                    Tloc           N/A        N/A       91%         2
 Call Imp                 Summ           0%         N/A       91%         2
 Slow                     Hex            0%         N/A       91%         2
 Confusing Touch          Hex            0%         N/A       99%         3
 Conjure Flame            Conj/Fire      0%         6-21      99%         3
 Gell's Gravitas          Tloc           0%         N/A       99%         3
 Mephitic Cloud           Conj/Pois/Air  0%         N/A       99%         3
 Petrify                  Tmut/Erth      0%         N/A       100%        4
 Metabolic Englaciation   Hex/Ice        0%         N/A       100%        5
 Yara's Violent Unravell  Hex/Tmut       0%         3d3       100%        5


Dungeon Overview and Level Annotations

Branches:
Dungeon (3/15)

Altars:

Shops:
D:2 (


Innate Abilities, Weirdness & Mutations

You are immune to sickness and miasma.
Your stone body is resilient. (AC +3)
You are immune to poison.
You resist negative energy. (rN+)
You are resistant to electric shocks. (rElec)
You are resistant to unholy torment.
You are immune to petrification.


Message History

The orc priest is heavily wounded.
The orc priest barely misses you. The frilled lizard barely misses you.
You closely miss the orc priest.
The orc priest is heavily wounded.
The orc priest hits you with a +0 flail.
The frilled lizard closely misses you.
You hit the orc priest but do no damage.
The orc priest is heavily wounded.
The orc priest invokes the aid of Beogh against you.
You barely resist. The frilled lizard bites you.
You closely miss the orc priest.
The orc priest is heavily wounded.
The orc priest completely misses you. The frilled lizard bites you.
You completely miss the orc priest.
The orc priest is heavily wounded.
The orc priest hits you with a +0 flail!
The frilled lizard bites you but does no damage.
You hit the orc priest.
The orc priest is severely wounded.
The orc priest looks braver for a moment.
The frilled lizard bites you but does no damage.
The orc priest hits you with a +0 flail.
* * * LOW HITPOINT WARNING * * *
You barely miss the orc priest.
The orc priest is severely wounded.
The frilled lizard bites you but does no damage.
The orc priest hits you but does no damage.
The frilled lizard bites you but does no damage.
You hit the orc priest but do no damage.
The orc priest is severely wounded.
The orc priest begins to cast a cantrip, but forgets the words!
The frilled lizard bites you.
* * * LOW HITPOINT WARNING * * *
You hit the orc priest but do no damage.
The orc priest is severely wounded.
The orc priest mumbles some strange prayers to Beogh against you.
Pain shoots through your body!
* * * LOW HITPOINT WARNING * * *
The frilled lizard bites you.
You die...

#.# #.# ###.######.#
#.......##.## ##
#.#†###.#...#####. #.#.#
#...#....... ## #.#.#
###...#####. #..(###.#.#
##.## #. #.....l...# #.#
#.
#...###@########.######.
## #o# #.............
#w# #.####.####### #.#
#.# ... #.# ... ... ..#
#.# #... #.. ###


You could see a worm, an orc priest and a frilled lizard.

Vanquished Creatures
  A hound skeleton (D:2)
  A worm (D:2)
  3 dart slugs
  3 bats (D:1)
  5 endoplasms
  2 giant cockroaches (D:1)
  4 goblins
  8 hobgoblins
  6 jackals
  A quokka (D:1)
  4 ball pythons
  2 frilled lizards
  6 kobolds (D:1)
  2 rats (D:1)
48 creatures vanquished.

Vanquished Creatures (others)
  A goblin (D:1)
  A hobgoblin (D:1)
2 creatures vanquished.

Grand Total: 50 creatures vanquished

Notes
Turn   | Place    | Note
-------+----------+-------------------------------------------
     0 | D:1      | Delamore the Gargoyle Monk began the quest for the Orb.
     0 | D:1      | Reached XP level 1. HP: 14/14 MP: 1/1
   244 | D:1      | Reached XP level 2. HP: 19/19 MP: 2/2
  1015 | D:1      | Reached XP level 3. HP: 24/24 MP: 3/3
  1687 | D:2      | Found a faded altar of an unknown god.
  1973 | D:2      | Identified the ring of Etaempuu {Ice *Corrode Drain Str+2
                  | Int+8}
  2016 | D:2      | Reached XP level 4. HP: 29/29 MP: 4/4
  2374 | D:2      | Found Zegi's Weapon Shoppe.
  3111 | D:3      | Slain by a frilled lizard

Illustrated notes

Levels and vault maps discovered:
D:1:      nzn_arrival_depleted_hourglass, layout_loops_corners,
          lemuel_old_faithful
D:2:      layout_basic, serial_shops, shop_fountains,
          hellmonk_ecumenical_altar_lost_god
D:3:      layout_loops_ring, general_overflow_altar, led_sif_pool

Skill      XL: |  1  2  3 |
---------------+----------+-----
Maces & Flails | 4 |  4.4
Fighting       | 4 |  4.1
Dodging        | |  2.4
Stealth        | |  2.1

Action                   |  1- 3 |  4- 6 || total
-------------------------+-------+-------++-------
Melee: Mace              |   135 |    51 ||   186
 Stab: Sleeping          |     6 |       ||     6
Armor: Robe              |    11 |       ||    11
       Leather armour    |    52 |       ||    52
       Scale mail        |       |    24 ||    24
Dodge: Dodged            |   121 |    24 ||   145

Table legend: (Time is in decaauts)
 A = Elapsed time spent in this place.
 B = Non-inter-level travel time spent in this place.
 C = Inter-level travel time spent in this place.
 D = Time resting spent in this place.
 E = Time spent auto-exploring this place.
 F = Levels seen in this place.
 G = Mean time per level.
                   A        B        C        D        E       F      G
               +--------+--------+--------+--------+--------+-----+--------+
         Total |   3152 |   3027 |    125 |    810 |   1728 |   3 | 1050.7 |
       Dungeon |   3152 |   3027 |    125 |    810 |   1728 |   3 | 1050.7 |
               +--------+--------+--------+--------+--------+-----+--------+

Top non-repeatable levels by time:
     D:1: 1913 daAuts
     D:2: 1095 daAuts
     D:3: 143 daAuts
